 Dungeon Crawl Stone Soup version 0.29-a0-275-g389c0b56f3 (webtiles) character file.

Game seed: 1770948671139287482

77 davidthevgamer991 the Cudgeller (level 4, 0/41 HPs)
             Began as a Minotaur Berserker on Mar 10, 2022.
             Was a Believer of Trog.
             Succumbed to an adder's poison
             ... on level 2 of the Dungeon.
             The game lasted 00:06:46 (578 turns).

davidthevgamer991 the Cudgeller (Minotaur Berserker) Turns: 578, Time: 00:06:46

Health: 0/41       AC:  2    Str: 24    XL:     4   Next: 14%
Magic:  3/3        EV: 12    Int:  4    God:    Trog [**....]
Gold:   38         SH:  0    Dex:  9    Spells: 3/3 levels left

rFire   + . .      SeeInvis .   d - +0 hand axe (vorpal)
rCold   . . .      Faith    .   (no shield)
rNeg    . . .      Spirit   .   j - +0 robe {rF+}
rPois   .          Reflect  .   (helmet restricted)
rElec   .          Harm     .   (no cloak)
rCorr   .          Rampage  .   (no gloves)
Will    .....                   (no boots)
Stlth   +.........              (no amulet)
HPRegen 0.13/turn               (no ring)
MPRegen 0.08/turn               (no ring)

@: lethally poisoned (0 -> -3)
A: horns 2, retaliatory headbutt
a: Renounce Religion, Berserk, Trog's Hand


You were on level 2 of the Dungeon.
You worshipped Trog.
Trog was pleased with you.
You visited 1 branch of the dungeon, and saw 2 of its levels.

You collected 38 gold pieces.

Inventory:

Hand Weapons
 a - a +0 mace
 d - a +0 vorpal hand axe (weapon)
 i - a +0 dagger of freezing
Armour
 b - a +0 animal skin
 c - a +0 robe
 f - a +0 ring mail
 j - a +0 robe of fire resistance (worn)
Scrolls
 e - a scroll of identify {unknown}
 g - a scroll of magic mapping {unknown}
Potions
 h - 2 potions of might {unknown}
 k - 3 potions of heal wounds {unknown}


   Skills:
 + Level 4.4 Fighting
 + Level 1.3(3.1) Axes
 + Level 4.5(4.6) Maces & Flails
 + Level 3.0 Armour
 + Level 2.7 Dodging


You had 3 spell levels left.
You didn't know any spells.
Your spell library was empty.

Dungeon Overview and Level Annotations

Branches:
Dungeon (2/15)

Altars:


Innate Abilities, Weirdness & Mutations

You have a pair of horns on your head.
You reflexively headbutt those who attack you in melee.


Message History

An adder comes into view.
The goblin hits you with a +0 dagger.
* * * LOW HITPOINT WARNING * * *
You barely miss the goblin.
The adder hisses angrily.
The goblin closely misses you.
You closely miss the goblin. Your headbutt misses the goblin.
The goblin closely misses you. You furiously retaliate!
You headbutt the goblin. You hit the goblin.
The goblin is severely wounded.
The goblin closely misses you.
You barely miss the goblin. Your headbutt misses the goblin.
The goblin is severely wounded.
The goblin misses you. You furiously retaliate!
You headbutt the goblin.
You kill the goblin!
Trog accepts your kill.
You have reached level 4!
You feel stronger.
You barely miss the adder. Your headbutt misses the adder. The adder bites you.
* * * LOW HITPOINT WARNING * * *
You are poisoned.
The adder poisons you! The adder bites you.
* * * LOW HITPOINT WARNING * * *
You hit the adder.
The adder is severely wounded.
* * * LOW HITPOINT WARNING * * *
You feel sick. The adder closely misses you. You furiously retaliate!
You headbutt the adder.
You kill the adder!
Trog accepts your kill.
Your base Axes skill increases to level 1!
* * * LOW HITPOINT WARNING * * *
You feel sick. The bat completely misses you.
Things that are here:
a +0 dagger; an adder corpse
* * * LOW HITPOINT WARNING * * *
You feel sick. The bat hits you.
* * * LOW HITPOINT WARNING * * *
You die...

###.# ....
#.#.##
###....
......
#.#.##
#...b####.#
#..@......#
#.........#
###)#######
#.. #.# #.#
#.# #.#
##'## #.#
##...##
#.####
##.....##
## ##.##.##
##.......##
##.##


You could see a bat.

Vanquished Creatures
  Jessica (D:2)
  3 adders (D:2)
  An endoplasm (D:2)
  2 giant cockroaches
  2 goblins
  A hobgoblin (D:1)
  5 jackals (D:1)
  2 quokkas (D:1)
  3 ball pythons
  2 bats
  A kobold (D:1)
23 creatures vanquished.

Vanquished Creatures (others)
  2 toadstools (D:1)
2 creatures vanquished.

Grand Total: 25 creatures vanquished

Notes
Turn   | Place    | Note
-------+----------+-------------------------------------------
     0 | D:1      | davidthevgamer991 the Minotaur Berserker began the quest
                  | for the Orb.
     0 | D:1      | Reached XP level 1. HP: 19/19 MP: 0/0
   100 | D:1      | Found a faded altar of an unknown god.
   135 | D:1      | Reached XP level 2. HP: 18/27 MP: 1/1
   270 | D:1      | You fall into a shaft and drop 1 floor!
   344 | D:2      | Noticed Jessica
   355 | D:2      | Killed Jessica
   355 | D:2      | Reached ** piety under Trog
   356 | D:2      | Reached XP level 3. HP: 9/33 MP: 2/2
   574 | D:2      | Reached XP level 4. HP: 10/41 MP: 3/3
   576 | D:2      | Reached skill level 1 in Axes
   576 | D:2      | HP: 2/41 [poisoned by an adder]
   578 | D:2      | Succumbed to an adder's poison

Illustrated notes

Levels and vault maps discovered:
D:1:      sevenhm_arrival_forest_fort_small_4, layout_basic,
          hellmonk_ecumenical_altar_zigzags, minmay_gold_behind_fungi
D:2:      layout_loops_corners, uniq_jessica, uniq_terence

Skill      XL: |  1  2  3  4 |
---------------+-------------+-----
Fighting       | 4 |  4.4
Maces & Flails | 4 |  4.5
Armour         | 3 |  3.0
Axes           | 1 |  1.3
Dodging        | |  2.7

Action                   |  1- 3 |  4- 6 || total
-------------------------+-------+-------++-------
Melee: Mace              |     9 |       ||     9
       Hand axe          |    28 |     2 ||    30
       Headbutt          |     3 |       ||     3
       Punch             |     1 |       ||     1
Armor: Animal skin       |     8 |       ||     8
       Robe              |     1 |       ||     1
Dodge: Dodged            |    36 |     2 ||    38

Table legend: (Time is in decaauts)
 A = Elapsed time spent in this place.
 B = Non-inter-level travel time spent in this place.
 C = Inter-level travel time spent in this place.
 D = Time resting spent in this place.
 E = Time spent auto-exploring this place.
 F = Levels seen in this place.
 G = Mean time per level.
                   A        B        C        D        E       F      G
               +--------+--------+--------+--------+--------+-----+--------+
         Total |    592 |    592 |      0 |      0 |      0 |   2 |  296.0 |
       Dungeon |    592 |    592 |      0 |      0 |      0 |   2 |  296.0 |
               +--------+--------+--------+--------+--------+-----+--------+

Top non-repeatable levels by time:
     D:2: 311 daAuts
     D:1: 281 daAuts
